AoeStats
← [ KOF ] M. Kowalski

Arabia

507839667Analyzed
1v1 RM · 11d ago on Sep 19, 2026· 44m 13s· 2 players
Game mode
Random Map
Map size
Tiny (2 player)
Population
200
Speed
Normal
Resources
Standard
Victory
Conquest
Starting age
Dark Age
Ending age
Imperial Age
RankedLock teamsTeams togetherTeam positionsShared explorationLock speedFull tech treeHidden civsTurbo modeCheats
Victory
Defeat
🇦🇷 Aztecs · Argentina
1117
+17
🇦🇷 Chinese · Argentina
1146
-17
MartinVill
7:30 Loom
10:59 Feudal Age
11:05 Man-at-Arms
15:34 Fletching
15:45 Padded Archer Armor
21:47 Castle Age
20:40 Scale Mail Armor
20:51 Forging
22:26 Gold Mining
22:39 Double-Bit Axe
22:38 Eagle Warrior
23:20 Squires
24:21 Wheelbarrow
25:12 Gold Shaft Mining
25:46 Chain Mail Armor
29:29 Pikeman
31:15 Fervor
31:26 Sanctity
33:34 Arson
33:36 Gambesons
42:27 Imperial Age
43:28 Garland Wars
43:30 Conscription
[ KOF ] M. Kowalski
0:35 Loom
10:00 Feudal Age
10:43 Town Watch
10:46 Double-Bit Axe
11:40 Horse Collar
15:00 Fletching
25:33 Castle Age
24:38 Bloodlines
25:23 Forging
25:08 Gold Mining
26:22 Wheelbarrow
28:15 Iron Casting
28:55 Scale Barding Armor
29:55 Husbandry
31:57 Chain Barding Armor
35:48 Wheelbarrow
Connection lost

Rejoining the realm…

Still unreachable

The connection could not be restored.

Session expired

The server has moved on; the page needs a fresh start.